 Dungeon Crawl Stone Soup version 0.23.2-33-g5129a83184 (webtiles) character file.

Game seed: 2100695304006126704

14380 DildoBatman the Tainter (level 12, -5/86 HPs)
             Began as a Formicid Wizard on July 11, 2019.
             Was a High Priest of Kikubaaqudgha.
             Slain by an entropy weaver (12 damage)
             ... in a Gauntlet.
             The game lasted 00:57:23 (13605 turns).

DildoBatman the Tainter (Formicid Wizard)          Turns: 13605, Time: 00:57:23

Health: -5/86      AC:  4    Str: 12    XL:     12   Next: 44%
Magic:  10/21      EV: 13    Int: 25    God:    Kikubaaqudgha [*****.]
Gold:   817        SH:  0    Dex: 15    Spells: 6/23 levels left

rFire    . . .     SeeInvis +   a - +3 spear (venom)
rCold    . . .     Gourm    .   (no shield)
rNeg     . . .     Faith    .   J - +2 robe {MR+}
rPois    +         Spirit   .   (helmet unavailable)
rElec    .         Reflect  .   (no cloak)
rCorr    .         Harm     .   (no gloves)
MR       ++...                  (no boots)
Stlth    +++++.....             S - amulet of the acrobat
HPRegen  1.24/turn              O - +6 ring of dexterity (curse)
MPRegen  0.17/turn              E - ring of poison resistance

@: regenerating
A: permanent stasis, dig shafts and tunnels, four strong arms, antennae 3, beak,
camouflage 2, clever 1, wild magic 1
a: Dig, Shaft Self, Receive Corpses, Torment, Renounce Religion


You were in a Gauntlet.
You worshipped Kikubaaqudgha.
Kikubaaqudgha was extremely pleased with you.
You were not hungry.

You visited 2 branches of the dungeon, and saw 12 of its levels.
You also visited: Ossuary, Bailey and Gauntlet.

You collected 817 gold pieces.

Inventory:

Hand Weapons
 a - a +3 spear of venom (weapon)
 b - a +3 halberd
 d - a +4 scimitar of flaming
Missiles
 c - 299 arrows
 i - 94 bolts
 j - 64 sling bullets
 F - a throwing net (quivered)
Armour
 w - a +0 shield
 J - a +2 robe of magic resistance (worn)
Magical Staves
 T - an uncursed staff of cold
Jewellery
 f - an uncursed ring of positive energy
 C - a +3 amulet of reflection
 E - a ring of poison resistance (right hand)
 H - an uncursed ring of ice
 K - an uncursed ring of fire
 O - a cursed +6 ring of dexterity (left hand)
 Q - the ring of No Interval {Str+3 Dex+4 Stlth+, unknown}
   (You found it in a Gauntlet)

   [ring of stealth]

   It affects your strength (+3).
   It affects your dexterity (+4).
   It makes you more stealthy.
 S - an amulet of the acrobat (around neck)
 U - an uncursed ring of positive energy
Wands
 g - a wand of disintegration (20)
 t - a wand of flame (15)
 A - a wand of acid (1)
 G - a wand of iceblast (46)
 N - a wand of paralysis (7)
Scrolls
 e - a scroll of enchant armour
 k - 3 scrolls of fear
 m - 3 scrolls of teleportation
 p - a scroll of magic mapping {unknown}
 x - 7 scrolls of remove curse
 z - 5 scrolls of identify
 B - a scroll of immolation {unknown}
 D - a scroll of acquirement
 L - a scroll of amnesia {unknown}
 M - a scroll of summoning {unknown}
 P - a scroll of noise {unknown}
 R - 2 scrolls of blinking {unknown}
Potions
 h - 2 potions of cancellation
 l - a potion of magic {unknown}
 n - 2 potions of haste {unknown}
 o - 3 potions of curing
 q - 2 potions of might
 r - 2 potions of resistance
 s - 5 potions of heal wounds
 u - a potion of flight {unknown}
 I - 4 potions of brilliance
Miscellaneous
 y - a lightning rod (4/4)
Comestibles
 v - 21 rations


   Skills:
 - Level 5.0 Fighting
 - Level 3.0 Polearms
 - Level 5.0 Armour
 - Level 3.0 Dodging
 - Level 6.0 Stealth
 * Level 6.5 Shields
 - Level 6.0 Spellcasting
 - Level 6.0 Conjurations
 - Level 4.0 Charms
   Level 1.0 Summonings
 - Level 8.0 Necromancy
   Level 0.8 Translocations
 - Level 4.1 Fire Magic
 - Level 4.0 Air Magic
 - Level 8.0 Poison Magic
 - Level 6.0 Evocations


You had 6 spell levels left.
You knew the following spells:

 Your Spells              Type           Power        Failure   Level  Hunger
a - Conjure Flame         Conj/Fire      #####...     4%          3    None
c - Magic Dart            Conj           ####         1%          1    None
d - Regeneration          Chrm/Necr      #####.....   3%          3    None
e - Mephitic Cloud        Conj/Pois/Air  #####...     3%          3    None
h - Dispel Undead         Necr           ######..     12%         5    #####..
z - Sublimation of Blood  Necr           ######....   1%          2    None

Your spell library contained the following spells:

 Spells                   Type           Power        Failure   Level  Hunger
 Animate Skeleton         Necr           N/A          1%          1    None
 Pain                     Necr           ####         1%          1    None
 Call Imp                 Summ           ###.....     12%         2    None
 Agony                    Necr           ######..     12%         5    #####..
 Slow                     Hex            #.......     16%         2    None
 Bolt of Draining         Conj/Necr      ######....   17%         5    #####..
 Venom Bolt               Conj/Pois      ######....   17%         5    #####..
 Excruciating Wounds      Chrm/Necr      #####.....   24%         5    #####..
 Iskenderun's Battlesphe  Conj/Chrm      #####...     34%         5    #####..
 Bolt of Magma            Conj/Fire/Erth ####......   54%         5    #####..
 Simulacrum               Ice/Necr       #####.....   95%         6    ######.
 Iron Shot                Conj/Erth      ####......   98%         6    ######.
 Orb of Destruction       Conj           #####.....   99%         7    #######
 Spellforged Servitor     Conj/Summ      ####......   100%        7    #######
 Blink                    Tloc           Unusable     N/A         2    N/A

Dungeon Overview and Level Annotations

Branches:
Dungeon (11/15)            Temple (1/1) D:6            Lair (0/6) D:8
    Orc: D:9-12

Altars:
Ashenzari
Cheibriados
Dithmenos
Elyvilon
Fedhas
Gozag
Hepliaklqana
Kikubaaqudgha
Makhleb
Nemelex Xobeh
Okawaru
Qazlal
Ru
Sif Muna
Trog
Uskayaw
Vehumet
Wu Jian
Xom
Yredelemnul
Zin
The Shining One

Shops:
D:9 *   D:10 [

Annotations:
D:11 Fannar Gauntlet 7 transporters


Innate Abilities, Weirdness & Mutations

You cannot be hasted, slowed, berserked, paralysed or teleported.
You can dig through walls and to a lower floor.
Your four strong arms can wield two-handed weapons with a shield.
You have a pair of large antennae on your head. (SInv)
You have a beak for a mouth.
Your skin blends seamlessly with your surroundings (Stealth++).
Your mind is acute. (Int +2)
Your spells are a little harder to cast, but a little more powerful.


Message History

Press: ? - help, Shift-Dir - straight line, f - entropy weaver
Aim: an entropy weaver (lightly wounded, poisoned)
The ball explodes into a vile cloud!
The stinking cloud engulfs the entropy weaver but does no damage.
The entropy weaver is lightly wounded.
The stinking cloud engulfs you but does no damage.
The entropy weaver is engulfed in noxious fumes.
The entropy weaver hits you!
The entropy weaver hits you but does no damage.
The entropy weaver hits you!
The entropy weaver completely misses you.
Aiming: Corrosive Bolt
Press: ? - help, Shift-Dir - straight line, f/p - entropy weaver
Aim: an entropy weaver (noxious fumes, lightly wounded, poisoned)
The bolt of acid misses the entropy weaver.
The wolf spider hisses angrily.
The entropy weaver is engulfed in noxious fumes.
The entropy weaver hits you! x3
You die...
Kikubaaqudgha rasps: "You have failed me!
Welcome... death!"

###...8.#...#.§.≈8≈...#...#.8..
#8#.....#.©.#.§..≈....#.©.#....
###..###########...###########.
#..##.......##...#......ssy#.
###..#.#.....#.#...#.........#.
#8#..#..#...#..#...#.#######.#.
###..#...#°#...#...##.#.#.#.##.
#..#.{..#...§#...#....©....#.
###..#...#.#†a@#...#s#.#.#.#.#.
#8#..#..#s..#.§#...#.#######.#.
###..#a#....○#.#...#.........#.
#..##.[)©.[.##...#..=.©[|..#.
###..###########...###########.
#8#............................
###≈............≈∩§............
#############################
#8# #≈...............≈ #8


You could see an entropy weaver, a wolf spider (confused) and a redback.

Vanquished Creatures
  A hydra (D:9)
  Erica (D:8)
  An orange crystal statue (Gauntlet)
  A wizard (Gauntlet)
  An orc knight (Bailey)
  A manticore (D:9)
  Maurice (D:9)
  2 hornets
  Prince Ribbit (D:7)
  4 hippogriffs
  3 slime creatures (D:7)
  2 dream sheep (D:9)
  A wyvern (D:8)
  A redback (Gauntlet)
  12 yaks
  A hungry ghost (D:7)
  9 orc warriors
  A water moccasin (D:7)
  4 phantoms
  2 ice beasts (D:7)
  A black bear (D:9)
  A sky beast (D:4)
  A necrophage (D:10)
  8 ogres
  4 centaurs
  6 big kobolds
  5 bullfrogs
  3 gnoll sergeants
  A wyvern skeleton (D:9)
  13 scorpions
  10 killer bees
  2 howler monkeys (D:9)
  7 crimson imps
  2 quasits (D:9)
  2 centaur zombies (Ossuary)
  8 jellies
  6 hounds
  3 human zombies (Ossuary)
  7 orc priests
  6 orc wizards
  A bullfrog skeleton (D:4)
  2 iguanas
  9 worker ants
  2 big kobold zombies (Ossuary)
  2 hound skeletons
  3 mummies (Ossuary)
  A worker ant zombie (D:9)
  Robin (D:4)
  4 scorpion zombies (Ossuary)
  11 adders
  19 gnolls
  7 shadow imps
  4 oozes (D:7)
  2 worms
  A dart slug (D:1)
  11 leopard geckos
  45 orcs
  6 giant cockroaches
  2 gnoll zombies (Ossuary)
  16 goblins
  12 hobgoblins
  6 jackals
  5 quokkas
  11 bats
  5 frilled lizards
  3 goblin zombies (Ossuary)
  A hobgoblin zombie (Ossuary)
  18 kobolds
  2 kobold zombies (Ossuary)
  A leopard gecko skeleton (D:4)
  4 orc zombies (Ossuary)
  A quokka skeleton (D:4)
  3 rats
367 creatures vanquished.

Vanquished Creatures (others)
  A scorpion (Ossuary)
  7 fungi (D:7)
  9 toadstools (D:7)
17 creatures vanquished.

Grand Total: 384 creatures vanquished

Notes
Turn   | Place    | Note
-------+----------+-------------------------------------------
     0 | D:1      | DildoBatman the Formicid Wizard began the quest for the
                  | Orb.
     0 | D:1      | Reached XP level 1. HP: 13/13 MP: 4/4
    99 | D:1      | Reached skill level 1 in Conjurations
   420 | D:1      | Reached XP level 2. HP: 19/19 MP: 3/6
  1203 | D:2      | Reached XP level 3. HP: 5/24 MP: 0/7
  1208 | D:2      | Learned a level 3 spell: Conjure Flame
  1212 | D:2      | Learned a level 3 spell: Mephitic Cloud
  1634 | D:2      | Noticed an ogre
  1819 | D:2      | Found a glowing silver altar of Zin.
  1820 | D:2      | Found a shattered altar of Ashenzari.
  1860 | D:2      | Reached XP level 4. HP: 26/30 MP: 0/8
  2348 | D:2      | Became a worshipper of Ashenzari the Shackled
  2605 | D:3      | Reached XP level 5. HP: 35/35 MP: 5/9
  3623 | D:4      | Reached XP level 6. HP: 38/41 MP: 6/10
  3647 | D:4      | Reached skill level 5 in Conjurations
  3662 | D:4      | Noticed Robin
  3689 | D:4      | Killed Robin
  3932 | D:4      | Reached skill level 1 in Polearms
  4218 | D:4      | Noticed an ogre
  4380 | D:4      | Noticed a sky beast
  4419 | D:5      | Entered Level 5 of the Dungeon
  4546 | D:5      | Found an ornate altar of the Wu Jian Council.
  4580 | D:5      | Reached * piety under Ashenzari
  4592 | D:5      | Reached XP level 7. HP: 42/46 MP: 11/11
  4786 | D:5      | Reached skill level 1 in Poison Magic
  4836 | D:5      | Reached skill level 1 in Fire Magic
  5110 | D:5      | Noticed a hippogriff
  5316 | D:6      | Found a staircase to the Ecumenical Temple.
  5325 | Temple   | Entered the Ecumenical Temple
  5507 | Temple   | Fell from the grace of Ashenzari
  5507 | Temple   | Became a worshipper of Kikubaaqudgha
  5612 | D:6      | Reached skill level 1 in Air Magic
  5737 | D:6      | Reached XP level 8. HP: 28/52 MP: 2/12
  6131 | D:6      | Reached * piety under Kikubaaqudgha
  6131 | D:6      | Identified Kikubaaqudgha's Catalogue of Black Arts
                  | (Kikubaaqudgha gifted it to you on level 6 of the Dungeon)
  6131 | D:6      | Received a gift from Kikubaaqudgha
  6518 | D:6      | Was forgiven by Ashenzari
  6518 | D:6      | Reached skill level 5 in Poison Magic
  6719 | D:5      | Learned a level 3 spell: Regeneration
  6722 | D:5      | Learned a level 2 spell: Sublimation of Blood
  6757 | D:5      | Killed a hippogriff
  6757 | D:5      | Reached XP level 9. HP: 25/57 MP: 9/13
  7319 | D:5      | Reached skill level 1 in Charms
  7319 | D:5      | Reached skill level 1 in Necromancy
  7794 | D:7      | Noticed Prince Ribbit
  7811 | D:7      | Killed Prince Ribbit
  8158 | D:7      | Reached ** piety under Kikubaaqudgha
  8165 | D:7      | Reached XP level 10. HP: 50/63 MP: 12/16
  8377 | D:7      | Reached skill level 1 in Fighting
  8378 | D:7      | Reached skill level 1 in Armour
  8378 | D:7      | Reached skill level 1 in Evocations
  9228 | D:8      | Identified a scroll of acquirement
  9230 | D:8      | Noticed Erica
  9237 | D:8      | Killed Erica
  9292 | D:8      | Found a staircase to the Lair.
  9422 | D:8      | Found a sand-covered staircase.
  9435 | Ossuary  | Entered an ossuary
  9526 | Ossuary  | Reached *** piety under Kikubaaqudgha
  9526 | Ossuary  | Identified Kikubaaqudgha's Tome of Stolen Souls
                  | (Kikubaaqudgha gifted it to you in an ossuary)
  9526 | Ossuary  | Received a gift from Kikubaaqudgha
  9530 | Ossuary  | Reached skill level 5 in Spellcasting
  9706 | Ossuary  | Reached XP level 11. HP: 62/75 MP: 7/18
  9966 | D:8      | Found a shimmering altar of Xom.
 10116 | D:8      | Reached skill level 5 in Stealth
 10124 | D:8      | Reached **** piety under Kikubaaqudgha
 10482 | D:8      | Found a glowing golden altar of the Shining One.
 10631 | D:9      | Reached skill level 5 in Necromancy
 10972 | D:9      | Noticed a two-headed hydra
 10978 | D:9      | Killed a one-headed hydra
 11096 | D:9      | Reached skill level 5 in Evocations
 11158 | D:9      | Noticed a manticore
 11180 | D:9      | Learned a level 5 spell: Dispel Undead
 11217 | D:9      | Noticed Maurice
 11248 | D:9      | Killed Maurice
 11248 | D:9      | Reached skill level 5 in Fighting
 11248 | D:9      | Reached skill level 5 in Armour
 11384 | D:9      | Killed a manticore
 11384 | D:9      | Reached ***** piety under Kikubaaqudgha
 11495 | D:9      | Gained mutation: You are clumsy. (Dex -2) [potion of
                  | mutation]
 11495 | D:9      | Gained mutation: You are very clumsy. (Dex -4) [potion of
                  | mutation]
 11495 | D:9      | Gained mutation: You possess an exceptional clarity of
                  | mind. [potion of mutation]
 11495 | D:9      | Gained mutation: You are resistant to hostile enchantments.
                  | (MR+) [potion of mutation]
 11496 | D:9      | Lost mutation: You possess an exceptional clarity of mind.
                  | [potion of mutation]
 11496 | D:9      | Lost mutation: You are very clumsy. (Dex -4) [potion of
                  | mutation]
 11496 | D:9      | Lost mutation: You are clumsy. (Dex -2) [potion of
                  | mutation]
 11496 | D:9      | Lost mutation: You are resistant to hostile enchantments.
                  | (MR+) [potion of mutation]
 11496 | D:9      | Gained mutation: Your movements are slightly less
                  | encumbered by armour. (ER -2) [potion of mutation]
 11496 | D:9      | Gained mutation: Your skin changes colour to match your
                  | surroundings (Stealth+). [potion of mutation]
 11496 | D:9      | Gained mutation: You evolve. [potion of mutation]
 11626 | D:9      | Found Cairakel's General Store.
 11936 | D:10     | Entered Level 10 of the Dungeon
 11991 | D:10     | Reached XP level 12. HP: 54/86 MP: 6/21
 12044 | D:10     | Found a flagged portal.
 12054 | Bailey   | Entered a bailey
 12274 | Bailey   | Lost mutation: You evolve. [evolution]
 12324 | Bailey   | Lost mutation: Your movements are slightly less encumbered
                  | by armour. (ER -2) [potion of mutation]
 12324 | Bailey   | Gained mutation: You are agile. (Dex +2) [potion of
                  | mutation]
 12324 | Bailey   | Gained mutation: You are partially covered in rugged brown
                  | scales. (AC +1, +3% HP) [potion of mutation]
 12324 | Bailey   | Gained mutation: You have large cloven feet. [potion of
                  | mutation]
 12325 | Bailey   | Lost mutation: You have large cloven feet. [potion of
                  | mutation]
 12325 | Bailey   | Lost mutation: You are agile. (Dex +2) [potion of mutation]
 12325 | Bailey   | Lost mutation: You are partially covered in rugged brown
                  | scales. (AC +1, +3% HP) [potion of mutation]
 12325 | Bailey   | Gained mutation: You are clumsy. (Dex -2) [potion of
                  | mutation]
 12325 | Bailey   | Gained mutation: You occasionally shout uncontrollably at
                  | your foes. [potion of mutation]
 12325 | Bailey   | Gained mutation: Your mind is acute. (Int +2) [potion of
                  | mutation]
 12326 | Bailey   | Lost mutation: Your mind is acute. (Int +2) [potion of
                  | mutation]
 12326 | Bailey   | Lost mutation: You are clumsy. (Dex -2) [potion of
                  | mutation]
 12326 | Bailey   | Lost mutation: You occasionally shout uncontrollably at
                  | your foes. [potion of mutation]
 12326 | Bailey   | Gained mutation: You are agile. (Dex +2) [potion of
                  | mutation]
 12326 | Bailey   | Gained mutation: You have very sharp teeth. [potion of
                  | mutation]
 12327 | Bailey   | Lost mutation: You have very sharp teeth. [potion of
                  | mutation]
 12327 | Bailey   | Lost mutation: You are agile. (Dex +2) [potion of mutation]
 12327 | Bailey   | Gained mutation: You have a beak for a mouth. [potion of
                  | mutation]
 12327 | Bailey   | Gained mutation: Your flesh is heat resistant. (rF+)
                  | [potion of mutation]
 12327 | Bailey   | Gained mutation: Your skin blends seamlessly with your
                  | surroundings (Stealth++). [potion of mutation]
 12341 | Bailey   | Found a burning altar of Makhleb.
 12465 | D:10     | Lost mutation: Your flesh is heat resistant. (rF+) [potion
                  | of mutation]
 12465 | D:10     | Gained mutation: Your mind is acute. (Int +2) [potion of
                  | mutation]
 12465 | D:10     | Gained mutation: Your spells are a little harder to cast,
                  | but a little more powerful. [potion of mutation]
 12524 | D:10     | Found Zim Quiv's Antique Armour Boutique.
 12617 | D:10     | Reached skill level 1 in Shields
 13159 | D:11     | Noticed a two-headed ogre
 13170 | D:11     | Found a gate leading to a gauntlet.
 13171 | D:11     | Noticed Fannar
 13177 | Gauntlet | Entered a Gauntlet
 13177 | Gauntlet | Found a transporter.
 13177 | Gauntlet | Found a transporter.
 13177 | Gauntlet | Noticed a wizard
 13181 | Gauntlet | Found a transporter.
 13190 | Gauntlet | Noticed an entropy weaver
 13191 | Gauntlet | Found a transporter.
 13195 | Gauntlet | Found a transporter.
 13207 | Gauntlet | Found a transporter.
 13214 | Gauntlet | Found a transporter.
 13214 | Gauntlet | Noticed an entropy weaver
 13231 | Gauntlet | Found a transporter.
 13235 | Gauntlet | Found a transporter.
 13245 | Gauntlet | Found a transporter.
 13249 | Gauntlet | Found a transporter.
 13293 | Gauntlet | Found a transporter.
 13388 | Gauntlet | Killed a wizard
 13388 | Gauntlet | Reached skill level 5 in Shields
 13537 | Gauntlet | Got a clouded pewter ring
 13605 | Gauntlet | Slain by an entropy weaver

Skill      XL: |  1  2  3  4  5  6  7  8  9 10 11 12 |
---------------+-------------------------------------+-----
Conjurations   | 1 2 3 4 5 6 |  6.0
Polearms       | 2 3 |  3.0
Poison Magic   | 2 5 7 8 |  8.0
Fire Magic     | 1 4 |  4.1
Air Magic      | 1 3 4 |  4.0
Charms         | 3 4 |  4.0
Necromancy     | 3 4 6 8 |  8.0
Spellcasting   | 4 5 6 |  6.0
Dodging        | 3 |  3.0
Fighting       | 3 5 |  5.0
Armour         | 3 5 |  5.0
Stealth        | 4 6 |  6.0
Evocations     | 3 6 |  6.0
Shields        | 6 |  6.5
Summonings     | |  1.0
Translocations | |  0.8

Action                   |  1- 3 |  4- 6 |  7- 9 | 10-12 || total
-------------------------+-------+-------+-------+-------++-------
Melee: Whip              |    15 |     3 |       |       ||    18
       Trident           |       |    26 |     4 |       ||    30
       Spear             |       |    36 |   231 |   652 ||   919
       Halberd           |       |       |     3 |    12 ||    15
       Scimitar          |       |       |       |     2 ||     2
       Peck              |       |       |       |    17 ||    17
Throw: Stone             |       |     2 |       |       ||     2
 Cast: Magic Dart        |    79 |   136 |    83 |    57 ||   355
       Mephitic Cloud    |       |     8 |    27 |    63 ||    98
       Conjure Flame     |       |     1 |    11 |    51 ||    63
       Regeneration      |       |       |     2 |    43 ||    45
       Sublimation of Bl |       |       |       |     6 ||     6
       Dispel Undead     |       |       |       |     3 ||     3
 Abil: Dig               |     1 |     7 |    14 |    12 ||    34
Evoke: Wand              |       |       |       |     9 ||     9
  Use: Scroll            |     2 |     1 |     2 |    11 ||    16
       Potion            |       |       |       |     7 ||     7
 Stab: Sleeping          |     1 |       |     2 |     7 ||    10
       Confused          |       |       |     7 |    36 ||    43
  Eat: Chunk             |     3 |    10 |    16 |    23 ||    52
       Ration            |       |       |     1 |     2 ||     3
Armor: Robe              |     5 |     6 |     9 |    62 ||    82
       Leather armour    |     1 |     3 |       |       ||     4
Dodge: Dodged            |    27 |    58 |    61 |   328 ||   474
